[Event "*** Titled Tuesday 3|2 Blitz"]
[Site "Chess.com"]
[Date "2015.05.05"]
[Round "5"]
[White "Inopov"]
[Black "Imre91"]
[Result "0-1"]
[WhiteElo "2489"]
[BlackElo "2568"]
[TimeControl "180+2"]
[EndTime "12:08:13 PDT"]
[Termination "Imre91 won by resignation"]

1. d4 d5 2. c4 c6 3. Nf3 Nf6 4. g3 g6 5. Bg2 Bg7 6. cxd5 Nxd5 7. O-O O-O 8. e4 Nb6 9. h3 a5 10. Nc3 Na6 11. Qe2 Be6 12. Rd1 Bc4 13. Qe3 Nb4 14.
Ne1 a4 15. a3 Na6 16. Nf3 Bb3 17. Rd3 Nc7 18. d5 Nc4 19. Qg5 cxd5 20. exd5 Nd6 21.
Nd4 Bc4 22. Rd1 Rc8 23. Qh4 Qd7 24. Bh6 Nce8 25. Re1 Nf6 26. Re5 Rfe8 27. Bxg7 Kxg7 28. Rae1 Ba6 29. Qf4 Rc5 30. Qe3 Nc4 31. Ne6+ fxe6 32. Qxc5 Nxe5 33. dxe6 Qd2 34. Qxe5 Qxb2 35. g4 Kg8 36. g5 Nh5 37. Bf3 Rf8 38. Re3 Nf4 39.
Nxa4 Nxh3+ 40. Kg2 Qxf2+ 41. Kxh3 Rxf3+ 42. Rxf3 Qxf3+ 43. Kh4 Qf2+ 44. Qg3 Qd4+ 45. Kh3 Bf1+ 46. Kh2 h5 47.
gxh6 Kh7 48. Nc3 Bd3 49. Nd1 Bf5 50. Nf2 Bxe6 51. Kg1 Bf5 52. Qc7 Qa1+ 53. Kg2 Qxa3 54. Qe5 Kxh6 55. Qh8+ Kg5 56. Qd4 Qd6 57. Qe3+ Kf6 58.
Qc3+ Kf7 59. Qb3+ Qe6 60. Qxb7 Qe5 61. Qf3 Kg7 62. Kg1 Be6 63. Qd3 Bd5 64. Ng4 Qe1+ 65. Kh2 Qh4+ 66. Qh3 Qxh3+ 67. Kxh3 Be6 0-1

[Event "*** Titled Tuesday 3|2 Blitz"]
[Site "Chess.com"]
[Date "2015.05.05"]
[Round "5"]
[White "GeorgMeier"]
[Black "Dlugy"]
[Result "0-1"]
[WhiteElo "2720"]
[BlackElo "2527"]
[TimeControl "180+2"]
[EndTime "12:08:14 PDT"]
[Termination "Dlugy won by resignation"]

1. Nf3 b5 2. g3 Bb7 3. Bg2 Nf6 4. O-O c5 5. b3 e6 6. c4 a6 7. Nc3 b4 8. Na4 d6 9. d4 Nbd7 10. dxc5 Nxc5 11. Nxc5 dxc5 12. Bf4 Be7 13. Qxd8+ Rxd8 14. Rfd1 O-O 15. Bc7 Rxd1+ 16. Rxd1 Rc8 17. Ba5 Kf8 18. Ne5 Bxg2 19. Kxg2 Ke8 20. f3 Rb8 21. g4 Rb7 22. e3 Nd7 23. Nc6 Bf6 24. f4 h6 25. Kf3 Nb8 26. Nxb8 Rxb8 27. Rd6 Ra8 28. Rc6 Be7 29. h4 g6 30. h5 gxh5 31. gxh5 Kd7 32. Rc7+ Ke8 33.
e4 Rd8 34. Ke3 Rd1 35. Rc8+ Kd7 36. Rc7+ Ke8 37. Bb6 Ra1 38. Bxc5 Bxc5+ 39. Rxc5 Rxa2 40. Kd4 Ra3 41. Rc6 a5 42. Ra6 Rxb3 43. Rxa5 Rh3 44. Rb5 b3 45. c5 Kd7 46. Rb6 Kc7 47. Rb5 Rf3 48. Rb6 Rh3 49. Rb4 Kc6 50. Rb6+ Kc7 51. Rb4 Rf3 52. Ke5 Kc6 53. Rc4 Rd3 54. f5 exf5 55.
Kxf5 Rd7 56. Rc1 b2 57. Rb1 Rb7 58. Kf6 Kxc5 59. Kg7 Rb6 60. Kxf7 Kd4 61. Kg7 Kxe4 62. Kh7 Kf5 0-1

[Event "*** Titled Tuesday 3|2 Blitz"]
[Site "Chess.com"]
[Date "2015.05.05"]
[Round "5"]
[White "jefferyx"]
[Black "GMHess"]
[Result "0-1"]
[WhiteElo "2322"]
[BlackElo "2524"]
[TimeControl "180+2"]
[EndTime "12:08:31 PDT"]
[Termination "GMHess won by resignation"]

1. b4 e6 2. Bb2 Nf6 3. a3 d5 4. e3 Be7 5. g4 O-O 6. g5 Ne4 7. h4 f6 8. d3 Nd6 9. Nh3 e5 10. Nd2 a5 11. Rg1 axb4 12. axb4 Rxa1 13. Qxa1 Nc6 14.
Kd1 Be6 15. f4 Nf5 16. gxf6 Bxf6 17. b5 Nxe3+ 18. Kc1 Nxf1 19. Nxf1 Nd4 20. Ng5 Bd7 21. Kb1 c5 22. bxc6 bxc6 23. fxe5 Bxg5 24. Bxd4 Qb8+ 25. Qb2 Bh6 26. e6 Qxb2+ 27. Kxb2 Bxe6 28. Ne3 Rf4 29. Kc3 Rxh4 30. Rb1 Bxe3 31. Bxe3 Rg4 32. Rb6 Bd7 33. Rb7 Be8 34. Re7 Bf7 35. Rc7 h5 36. Rxc6 h4 37. Rb6 h3 38. Rb1 Rg3 39. Kd4 g5 40. Rh1 g4 41. Bf4 Rg2 42. c3 Bg6 43. Ke3 Bf5 44. Rf1 Kh7 45. Be5 Kg6 46. c4 dxc4 47. dxc4 Rc2 48. Kd4 Rd2+ 49. Ke3 Rd3+ 50. Ke2 Rb3 51. Kf2 Kh5 52. Rc1 Be4 53. c5 g3+ 54. Bxg3 Rf3+ 55.
Kg1 Rxg3+ 56. Kh2 Rb3 57. c6 Bf5 58. c7 Rb2+ 59. Kg3 Rg2+ 60. Kf3 Bc8 61. Rb1 Rc2 62. Rb5+ Kg6 63. Rb6+ Kf7 64. Rh6 Ke7 65. Kg3 Rxc7 66. Rh7+ Kd6 67. Rh6+ Be6 0-1

[Event "*** Titled Tuesday 3|2 Blitz"]
[Site "Chess.com"]
[Date "2015.05.05"]
[Round "5"]
[White "llamalord42"]
[Black "salomez"]
[Result "1/2-1/2"]
[WhiteElo "2224"]
[BlackElo "2139"]
[TimeControl "180+2"]
[EndTime "12:08:52 PDT"]
[Termination "Game drawn by stalemate"]

1. e4 c5 2. Nf3 e6 3. d4 cxd4 4. Nxd4 Nf6 5. Nc3 Nc6 6. Be2 Bb4 7. O-O Bxc3 8. bxc3 Nxe4 9. Qd3 d5 10. Ba3 Qa5 11. Nb5 a6 12. Nd6+ Nxd6 13. Bxd6 Qd8 14. Qg3 Qf6 15.
Rad1 Bd7 16. Rfe1 O-O-O 17. c4 dxc4 18. Bxc4 e5 19. Bxe5 Nxe5 20. Rxe5 Bc6 21. Rde1 Rhe8 22. Rxe8 Rxe8 23. Rxe8+ Bxe8 24. h3 Bc6 25. Kh2 g6 26. Qe3 h5 27. f4 h4 28. Qe5 Qxe5 29. fxe5 Be4 30. c3 Kd8 31. Bxf7 Ke7 32. Bb3 b5 33. g3 g5 34. gxh4 gxh4 35. Kg1 a5 36. a3 a4 37. Ba2 Bd3 38. Kf2 Bf5 39. Kg2 Be6 40.
Bxe6 Kxe6 41. Kf3 Kxe5 42. Kg4 Kd5 43. Kxh4 Kc4 44. Kg5 Kxc3 45. h4 b4 46. h5 b3 47.
h6 b2 48. h7 b1=Q 49. h8=Q+ Kb3 50. Qb8+ Ka2 51. Qb4 Qc1+ 52. Kf5 Qxa3 53. Qb5 Qb3 54. Qe2+ Qb2 55. Qe6+ Qb3 56. Qe2+ Qb2 57. Qe6+ Ka1 58. Kf4 a3 59. Qe1+ Ka2 60. Qe6+ Qb3 61. Qe2+ Qb2 62.
Qe6+ Kb1 63. Qe4+ Qc2 64. Qb4+ Ka2 65. Qb5 Qc1+ 66. Kf3 Qb2 67. Qc6 Ka1 68. Ke3 Qb3+ 69.
Kd2 Qb2+ 70. Kd1 a2 71. Qc1+ Qb1 72. Kd2 Qxc1+ 73. Kxc1 1/2-1/2

[Event "*** Titled Tuesday 3|2 Blitz"]
[Site "Chess.com"]
[Date "2015.05.05"]
[Round "5"]
[White "igorkovalenko"]
[Black "Kacparov"]
[Result "0-1"]
[WhiteElo "2493"]
[BlackElo "2455"]
[TimeControl "180+2"]
[EndTime "12:09:21 PDT"]
[Termination "Kacparov won by resignation"]

1. d4 d5 2. Nf3 c6 3. c4 e6 4. e3 f5 5. b3 Nf6 6. Bd3 Bd6 7. O-O Qe7 8. Bb2 O-O 9. Nc3 Ne4 10. Ne2 Nd7 11.
Qc2 Kh8 12. Ne5 Nxe5 13. dxe5 Bc5 14. Rac1 Bb6 15. c5 Bc7 16. f3 Ng5 17. Bd4 Bd7 18.
Qd2 Nf7 19. f4 Nh6 20. Kh1 Rfb8 21. Ng1 b5 22. a3 a5 23. Nf3 a4 24. b4 Rg8 25. Be2 Nf7 26. Rg1 g5 27. g4 fxg4 28. Rxg4 gxf4 29. Rxf4 Ng5 30. Nxg5 Qxg5 31. Bd3 Raf8 32.
Qf2 Rxf4 33. exf4 Qh6 34. Rg1 Rxg1+ 35. Kxg1 Bd8 36. Qg3 Bh4 37. Qg4 Qg7 38. h3 Be8 39. f5 Qxg4+ 40. hxg4 Bg5 41. Bb2 Bf7 42. Kg2 Kg8 43. Kg3 h6 44. Kf3 Kf8 45. Ke2 Ke7 46. Kf2 Kd7 47. Be2 Ke7 48. Bf3 Kd7 49. Ke2 Ke7 50.
Kd1 Kd7 51. Bc1 Ke7 52. Bd2 Kd7 53. Ke2 Ke7 54. Be3 Kd7 55. Kf2 Ke7 56. Be2 Kd7 57. Kf3 Ke7 58. Bd3 Kd7 59. Bf4 Ke7 60. Be3 Kd7 61. Ke2 Ke7 62. Bd2 Kd7 63. Kd1 Ke7 64.
Kc2 Kd7 65. Be2 Ke7 66. Kd3 Kd7 67. Be3 Ke7 68. Kd4 Kd7 69. Bd3 Ke7 70. Bxg5+ hxg5 71. Bxb5 cxb5 72. c6 Be8 73. f6+ Kd8 74. Kc5 Kc7 75.
Kxb5 Bxc6+ 76. Kc5 Be8 77. b5 Bg6 78. Kb4 Kb6 79.
Kxa4 d4 80. Kb4 d3 81. Kc3 Kxb5 82. f7 Bxf7 83. Kxd3 Bg6+ 84. Kd4 Bc2 0-1

[Event "*** Titled Tuesday 3|2 Blitz"]
[Site "Chess.com"]
[Date "2015.05.05"]
[Round "6"]
[White "jefferyx"]
[Black "chessloveyou"]
[Result "1-0"]
[WhiteElo "2336"]
[BlackElo "2101"]
[TimeControl "180+2"]
[EndTime "12:14:16 PDT"]
[Termination "jefferyx won by checkmate"]

1. b4 Nf6 2. Bb2 d5 3. e3 c6 4. Be2 Nbd7 5. f4 g6 6. g4 Bg7 7. g5 Nh5 8. Nc3 e5 9. Bxh5 gxh5 10. Nce2 O-O 11. Ng3 exf4 12. Bxg7 Kxg7 13. Nxh5+ Kg8 14. Nxf4 Ne5 15. Qh5 Bg4 16. Qh6 d4 17. e4 d3 18.
h3 Bf3 19. Nxf3 Nxf3+ 20. Kf2 Nxd2 21. cxd3 Qd4+ 22. Kg2 Qe3 23. Raf1 Rae8 24. Nh5 Re6 25. Qg7# 1-0

[Event "*** Titled Tuesday 3|2 Blitz"]
[Site "Chess.com"]
[Date "2015.05.05"]
[Round "6"]
[White "hellokostya"]
[Black "IMRosen"]
[Result "1-0"]
[WhiteElo "2284"]
[BlackElo "2214"]
[TimeControl "180+2"]
[EndTime "12:15:05 PDT"]
[Termination "hellokostya won by resignation"]

1. d4 c5 2. d5 f5 3. e4 fxe4 4. Nc3 Nf6 5. g4 g6 6. g5 Nh5 7.
Be2 Qa5 8. Bxh5 gxh5 9. Qxh5+ Kd8 10. Bd2 Bg7 11. Qf7 Bd4 12. d6 exd6 13. Nd5 Qxd2+ 14. Kxd2 Nc6 15. c3 Be5 16. f4 exf3 17. Nxf3 Re8 18. Nxe5 dxe5 19. Qf6+ Ne7 20. Rae1 1-0

[Event "*** Titled Tuesday 3|2 Blitz"]
[Site "Chess.com"]
[Date "2015.05.05"]
[Round "6"]
[White "dabee"]
[Black "Malev212"]
[Result "1-0"]
[WhiteElo "2367"]
[BlackElo "2190"]
[TimeControl "180+2"]
[EndTime "12:15:11 PDT"]
[Termination "dabee won by resignation"]

1. d4 d6 2. Nf3 g6 3. Bf4 Bg7 4.
h3 b6 5. c4 Bb7 6. e3 c5 7. Nc3 cxd4 8. exd4 Nd7 9. Be2 Rc8 10.
d5 Bxc3+ 11. bxc3 Ngf6 12. Bh6 Ba6 13. Qa4 Bb7 14. O-O Qc7 15. Rfe1 Ne4 16. Qc2 Nec5 17. Nd4 a6 18. Bg4 Ne5 19. Bxc8 Qxc8 20. Qe2 g5 21.
Bxg5 Rg8 22. f4 Ncd3 23. fxe5 Nxe1 24. exd6 Qd7 25. Rxe1 Rxg5 26. Qxe7+ 1-0

[Event "*** Titled Tuesday 3|2 Blitz"]
[Site "Chess.com"]
[Date "2015.05.05"]
[Round "6"]
[White "AungTZ"]
[Black "brauliocuarta"]
[Result "1-0"]
[WhiteElo "2151"]
[BlackElo "2063"]
[TimeControl "180+2"]
[EndTime "12:15:18 PDT"]
[Termination "AungTZ won by resignation"]

1. e4 c5 2. Nf3 e6 3. d4 cxd4 4. Nxd4 a6 5. Nc3 Qc7 6. Be3 Bb4 7. Bd3 Bxc3+ 8. bxc3 Qxc3+ 9. Kf1 Nf6 10. Rb1 O-O 11. Rb3 Qc7 12. f4 d6 13. g4 b5 14. g5 Nfd7 15. h4 Bb7 16. h5 Nc5 17. g6 Nxb3 18. gxh7+ Kh8 19. axb3 Nc6 20. f5 Nxd4 21. Bxd4 e5 22. f6 exd4 23. Qg4 g6 24. Rg1 Rae8 25. e5 Rxe5 26. hxg6 fxg6 27. Qxg6 Qe7 28.
Qg8+ 1-0

[Event "*** Titled Tuesday 3|2 Blitz"]
[Site "Chess.com"]
[Date "2015.05.05"]
[Round "6"]
[White "Tirantes"]
[Black "Schemato"]
[Result "1-0"]
[WhiteElo "2137"]
[BlackElo "2099"]
[TimeControl "180+2"]
[EndTime "12:15:26 PDT"]
[Termination "Tirantes won by checkmate"]

1. c4 c5 2. Nf3 Nc6 3. Nc3 g6 4. e3 Nf6 5. d4 cxd4 6. exd4 d5 7. cxd5 Nxd5 8. Qb3 Nxc3 9. Bc4 e6 10. bxc3 Bg7 11. Ba3 Na5 12. Bb5+ Bd7 13. Qa4 b6 14. O-O Bxb5 15. Qxb5+ Qd7 16. Qe2 Rc8 17. Ne5 Qc7 18.
Rac1 Nc4 19. Nxc4 Qxc4 20. Qf3 Qa4 21. Qb7 Qc6 22. Qe7# 1-0

[Event "*** Titled Tuesday 3|2 Blitz"]
[Site "Chess.com"]
[Date "2015.05.05"]
[Round "6"]
[White "Shankland"]
[Black "Boryboy"]
[Result "1-0"]
[WhiteElo "2538"]
[BlackElo "2439"]
[TimeControl "180+2"]
[EndTime "12:15:37 PDT"]
[Termination "Shankland won by resignation"]

1. d4 e6 2. e4 d5 3. Nd2 h6 4.
Ngf3 Nf6 5. e5 Nfd7 6. c4 dxc4 7.
Bxc4 Be7 8. O-O c5 9. Nb3 cxd4 10.
Nbxd4 a6 11. Qe2 b5 12. Bd3 Bb7 13. Rd1 Bd5 14. Be4 Nb6 15. Bxd5 Nxd5 16. Qe4 O-O 17. Be3 Nd7 18. Nc6 Qe8 19. Rac1 Rc8 20. b4 Nc5 21.
Nxe7+ Nxe7 22. Bxc5 f5 23. exf6 Rxf6 24. Bxe7 Rxc1 25. Rxc1 Qxe7 26. Rc8+ 1-0

[Event "*** Titled Tuesday 3|2 Blitz"]
[Site "Chess.com"]
[Date "2015.05.05"]
[Round "6"]
[White "Cryptochess"]
[Black "Tilicheev_Viacheslav"]
[Result "0-1"]
[WhiteElo "2394"]
[BlackElo "2445"]
[TimeControl "180+2"]
[EndTime "12:15:43 PDT"]
[Termination "Tilicheev_Viacheslav won by resignation"]

1. e4 c5 2. Nc3 Nc6 3. g3 g6 4. Bg2 Bg7 5. d3 e6 6. Be3 d6 7.
Qd2 h6 8. Nge2 Nge7 9. O-O Nd4 10. Bxd4 cxd4 11. Nb5 Nc6 12. c4 dxc3 13. Nbxc3 O-O 14.
d4 Qb6 15. Rfd1 Bd7 16. Rac1 Rac8 17. Kh1 Rc7 18. Qf4 Nxd4 19. Nxd4 Bxd4 20. Qxh6 Bxf2 21. Qh4 Qxb2 22. Qf6 Be3 23. Nd5 Rxc1 24. Ne7+ Kh7 25. Qxb2 Rxd1+ 26. Bf1 Rxf1+ 27. Kg2 Rf2+ 0-1

[Event "*** Titled Tuesday 3|2 Blitz"]
[Site "Chess.com"]
[Date "2015.05.05"]
[Round "6"]
[White "amaidel"]
[Black "Lupul_Cenusiu"]
[Result "0-1"]
[WhiteElo "2285"]
[BlackElo "2322"]
[TimeControl "180+2"]
[EndTime "12:15:44 PDT"]
[Termination "Lupul_Cenusiu won by resignation"]

1. e4 d6 2. d4 g6 3. Nc3 Bg7 4.
f4 a6 5. Nf3 b5 6. Be3 Bb7 7.
a3 Nd7 8. e5 Nh6 9. Be2 O-O 10.
O-O c5 11. dxc5 Nf5 12. Bf2 dxe5 13. fxe5 Nxe5 14. Nxe5 Bxe5 15. Qe1 Qc7 16. h3 Bh2+ 17.
Kh1 Ng3+ 18. Bxg3 Bxg3 19. Qd2 Qxc5 20. Bf3 Bxf3 21. Rxf3 Bc7 22. Ne4 Qe5 23. Ng3 Rad8 24. Qc3 Qxc3 25. Rxc3 Be5 26. Rb3 Rd2 27. Re1 f6 28.
Re2 Rfd8 29. Kg1 Bxg3 30. Rxd2 Rxd2 31. Rxg3 Rxc2 32. b4 Ra2 33. Rc3 Kf7 34. Kf1 f5 35. Re3 Kf6 36. g4 h5 37. gxh5 gxh5 38. Rc3 e6 39. Kg1 f4 40. Kf1 Kf5 0-1

[Event "*** Titled Tuesday 3|2 Blitz"]
[Site "Chess.com"]
[Date "2015.05.05"]
[Round "6"]
[White "PowerThinking2650"]
[Black "Mvpag"]
[Result "1-0"]
[WhiteElo "2067"]
[BlackElo "1938"]
[TimeControl "180+2"]
[EndTime "12:16:02 PDT"]
[Termination "PowerThinking2650 won by resignation"]

1. e4 e5 2. Nf3 Nc6 3. Bc4 d6 4.
d4 exd4 5. Nxd4 Be7 6. Nxc6 bxc6 7. Qh5 g6 8. Qf3 Nf6 9. Bh6 Bg4 10.
Qf4 Qd7 11. Bg7 d5 12. Be2 Nh5 13. Bxg4 Nxf4 14. Bxd7+ Kxd7 15. Bxh8 Rxh8 16. g3 Ne6 17. Nd2 Rb8 18. O-O-O Bf6 19. c3 Nc5 20. Kc2 Na4 21. Nb3 Ke6 22. exd5+ cxd5 23. Rhe1+ Kf5 24. Rxd5+ Kg4 25.
Re4+ Kf3 26. Rxa4 Kxf2 27. Rf4+ 1-0

[Event "*** Titled Tuesday 3|2 Blitz"]
[Site "Chess.com"]
[Date "2015.05.05"]
[Round "6"]
[White "Daniel_Fridman"]
[Black "GregShahade"]
[Result "1-0"]
[WhiteElo "2620"]
[BlackElo "2437"]
[TimeControl "180+2"]
[EndTime "12:16:14 PDT"]
[Termination "Daniel_Fridman won by resignation"]

1. d4 Nf6 2. Nf3 e6 3. c4 Bb4+ 4. Bd2 Qe7 5. g3 Nc6 6. Nc3 O-O 7. Bg2 Na5 8. b3 b6 9. O-O Bb7 10. Qc2 Rac8 11. Rfe1 c5 12. dxc5 Bxc5 13. e4 Ng4 14. Re2 Nc6 15. h3 Nge5 16. Nxe5 Nxe5 17. Kh2 a6 18. a4 Nc6 19. Be3 Bxe3 20. Rxe3 Qb4 21. Ne2 b5 22. axb5 axb5 23. Rd1 bxc4 24. Rxd7 Na5 25.
bxc4 Ba6 26. Qc3 Qxc4 27. Qxa5 Qc6 28. Rd2 Bb7 29. Nf4 h6 30. e5 1-0

[Event "*** Titled Tuesday 3|2 Blitz"]
[Site "Chess.com"]
[Date "2015.05.05"]
[Round "6"]
[White "bugsbunny444"]
[Black "desxmchna"]
[Result "1-0"]
[WhiteElo "2305"]
[BlackElo "2154"]
[TimeControl "180+2"]
[EndTime "12:16:24 PDT"]
[Termination "bugsbunny444 won by resignation"]

1. Nf3 Nf6 2. c4 g6 3. b4 Bg7 4.
Bb2 c5 5. bxc5 O-O 6. d4 b6 7.
cxb6 Qxb6 8. Qb3 Qa5+ 9. Nbd2 Nc6 10. Bc3 Qf5 11. Qb1 d5 12. Qxf5 Bxf5 13. e3 Rfc8 14. c5 e5 15. Ba6 Rc7 16. O-O Nd7 17. Rfc1 exd4 18. exd4 Bh6 19. h3 Rb8 20. g4 Be6 21. Rab1 Bf4 22. Bd3 h5 23. gxh5 gxh5 24. Kg2 Kf8 25.
Rxb8+ Ndxb8 26. Rb1 f6 27. Nf1 Rg7+ 28. Ng3 h4 29.
Nxh4 Nd7 30. Ng6+ 1-0

[Event "*** Titled Tuesday 3|2 Blitz"]
[Site "Chess.com"]
[Date "2015.05.05"]
[Round "6"]
[White "Rijeka1999"]
[Black "cassoulet"]
[Result "0-1"]
[WhiteElo "2208"]
[BlackElo "2222"]
[TimeControl "180+2"]
[EndTime "12:16:25 PDT"]
[Termination "cassoulet won by resignation"]

1. e4 c5 2. Nf3 Nc6 3. c3 Nf6 4. e5 Nd5 5. Bc4 Nb6 6. Bb3 c4 7. Bc2 Qc7 8. Qe2 g5 9. h3 Bg7 10. O-O Nxe5 11. Nxg5 h6 12. Nf3 d5 13.
d4 cxd3 14. Bxd3 Bd7 15. Re1 Nxf3+ 16. Qxf3 e5 17. Bc2 Be6 18. Qg3 Bf6 19. Qf3 Qe7 20. a4 Nc4 21. b3 Nd6 22. Bb2 O-O-O 23. Nd2 e4 24. Qe2 Rhg8 25. Kf1 Nf5 26. Rac1 Qc7 27.
g4 Qh2 28. Qb5 Qxh3+ 29. Ke2 Qxg4+ 30. Kf1 Qh3+ 31. Ke2 Nd4+ 32. cxd4 Bg4+ 33. f3 Bxf3+ 34. Nxf3 Qxf3+ 35. Kd2 Bg5+ 0-1

[Event "*** Titled Tuesday 3|2 Blitz"]
[Site "Chess.com"]
[Date "2015.05.05"]
[Round "6"]
[White "Nouki"]
[Black "9ShMat2"]
[Result "0-1"]
[WhiteElo "2589"]
[BlackElo "2445"]
[TimeControl "180+2"]
[EndTime "12:17:16 PDT"]
[Termination "9ShMat2 won by resignation"]

1. d4 Nf6 2. Nf3 g6 3. Bg5 Ne4 4. Bf4 Bg7 5. Nbd2 d5 6. e3 O-O 7. Bd3 Nxd2 8. Qxd2 c5 9. c3 cxd4 10. cxd4 Nc6 11. h3 Qb6 12. O-O Bd7 13. Rfc1 Rac8 14.
Rc5 Nb4 15. Bc7 Rxc7 16. Rxc7 Qxc7 17. Qxb4 e6 18. a4 Rc8 19. a5 a6 20. e4 Bf8 21.
Qb3 dxe4 22. Bxe4 Bb5 23. Qe3 b6 24. d5 Bc5 25. Qh6 f5 26. Bb1 Qg3 27. Ba2 Qxf2+ 28. Kh1 Bf1 29. Qg5 Be3 0-1

[Event "*** Titled Tuesday 3|2 Blitz"]
[Site "Chess.com"]
[Date "2015.05.05"]
[Round "6"]
[White "Azzaro25"]
[Black "GeorgMeier"]
[Result "0-1"]
[WhiteElo "2347"]
[BlackElo "2722"]
[TimeControl "180+2"]
[EndTime "12:17:20 PDT"]
[Termination "GeorgMeier won by resignation"]

1. e4 e6 2. d4 d5 3. Nd2 dxe4 4. Nxe4 Nd7 5. Nf3 Ngf6 6. Nxf6+ Nxf6 7. Be3 Bd6 8. Bd3 O-O 9. Qe2 b6 10. O-O-O Bb7 11.
h4 c5 12. Ne5 Qc7 13. Bg5 Rfd8 14. Ng4 Be7 15. Nxf6+ Bxf6 16. Bxf6 Qf4+ 17. Kb1 Qxf6 18. dxc5 Bxg2 19. cxb6 Bxh1 20. Rxh1 axb6 21. h5 Rd4 22. h6 g6 23. a3 Rad8 24. Rh3 Rf4 25. f3 Rfd4 26. Qe3 R8d6 27. Rh1 Kf8 28. Qe2 Ke7 29. Ka2 Qf4 30. Be4 Qe5 31. Qa6 Qc5 32. Qb7+ Rd7 33.
Qb8 Rd8 34. Qg3 Qc4+ 35. b3 Qc5 36. Rc1 Rd2 37. Qf4 f5 38. Qg5+ Kf7 39. Qf4 e5 40.
Qh4 fxe4 41. Kb2 e3 0-1

[Event "*** Titled Tuesday 3|2 Blitz"]
[Site "Chess.com"]
[Date "2015.05.05"]
[Round "6"]
[White "wonderfultime"]
[Black "Inopov"]
[Result "1-0"]
[WhiteElo "2578"]
[BlackElo "2482"]
[TimeControl "180+2"]
[EndTime "12:17:32 PDT"]
[Termination "wonderfultime won on time"]

1. d4 d5 2. c4 Bf5 3. Nc3 e6 4. Nf3 Nf6 5. Qb3 Nc6 6. cxd5 exd5 7. Bg5 Na5 8. Qa4+ c6 9. e3 Be7 10. Qd1 O-O 11. Bd3 Bxd3 12. Qxd3 Nc4 13. b3 Nd6 14. Bxf6 Bxf6 15. O-O Re8 16. Rab1 Qd7 17. Rfc1 Re6 18. Na4 Ne4 19. Nc5 Nxc5 20. Rxc5 a5 21. Rc2 Be7 22. Re2 Bd6 23. Rbe1 a4 24. Rb1 Rg6 25. Rc2 Qg4 26. Ne1 Qh5 27. g3 1-0

[Event "*** Titled Tuesday 3|2 Blitz"]
[Site "Chess.com"]
[Date "2015.05.05"]
[Round "6"]
[White "jcibarra"]
[Black "NguyenDucHoa"]
[Result "1-0"]
[WhiteElo "2507"]
[BlackElo "2383"]
[TimeControl "180+2"]
[EndTime "12:17:34 PDT"]
[Termination "jcibarra won by resignation"]

1. e4 c5 2. Nf3 Nc6 3. d4 cxd4 4. Nxd4 Qb6 5. Nb3 Nf6 6. Nc3 e6 7. Bf4 Bb4 8. Bd3 d5 9. exd5 Nxd5 10. Bd2 Nxc3 11. bxc3 Bd6 12. O-O Qc7 13. Qh5 b6 14.
Rae1 g6 15. Qh6 Bb7 16. Bg5 Ne5 17. Bb5+ Nd7 18. Qg7 Rf8 19. Nd4 e5 20. f4 e4 21.
Qxh7 a6 22. f5 Qxc3 23. Ne6 Be5 24. fxg6 Bd4+ 25. Kh1 Bf2 26. Ng7+ Qxg7 27. Qxg7 1-0

[Event "*** Titled Tuesday 3|2 Blitz"]
[Site "Chess.com"]
[Date "2015.05.05"]
[Round "6"]
[White "Dlugy"]
[Black "Imre91"]
[Result "0-1"]
[WhiteElo "2518"]
[BlackElo "2575"]
[TimeControl "180+2"]
[EndTime "12:17:44 PDT"]
[Termination "Imre91 won by resignation"]

1. d4 d5 2. c4 c6 3. Nf3 Nf6 4. Qc2 g6 5. Bf4 Bf5 6. Qb3 Qb6 7. e3 Nbd7 8. Nc3 Bg7 9. h3 O-O 10. Be2 Qxb3 11. axb3 a6 12. O-O h6 13. Rfc1 Rfc8 14. g4 Be6 15. Bg3 Nb6 16. Na4 Nxa4 17. bxa4 Ne4 18.
Bf4 f5 19. gxf5 gxf5 20. a5 Kh7 21. Ra3 Bf6 22. Kf1 Ng5 23. Ng1 c5 24. Be5 cxd4 25.
Bxf6 exf6 26. c5 dxe3 27. Rxe3 Rc6 28. b4 d4 29. Ra3 Rd8 30. b5 axb5 31. Bxb5 Rc7 32.
a6 bxa6 33. Rxa6 Rb8 34. Bd3 Rb3 35. Rxe6 Rxd3 36. Rxf6 Nxh3 37. Nxh3 Rxh3 38. Rxf5 Rh1+ 0-1

[Event "*** Titled Tuesday 3|2 Blitz"]
[Site "Chess.com"]
[Date "2015.05.05"]
[Round "6"]
[White "vinceyoung15"]
[Black "geeeeri"]
[Result "0-1"]
[WhiteElo "2105"]
[BlackElo "2073"]
[TimeControl "180+2"]
[EndTime "12:18:12 PDT"]
[Termination "geeeeri won by resignation"]

1. e4 e6 2. d4 d5 3. e5 c5 4. c3 Nc6 5. Nf3 Bd7 6. a3 a5 7. Bd3 c4 8. Bc2 b5 9. O-O Qb6 10. Ng5 h6 11. Qh5 hxg5 12. Qxh8 Nh6 13. Bxg5 Nxd4 14.
cxd4 Qxd4 15. Nc3 Qxe5 16. Bxh6 O-O-O 17. Bf4 Qxf4 18. Qh3 d4 19. Ne2 Qe5 20. Qf3 Kc7 21. Qg3 Qxg3 22. Nxg3 d3 23. Bd1 f5 24. Rc1 Kb6 25.
Nh5 e5 26. Ng3 e4 27. Bh5 Bc5 28. Kh1 Be6 29. Bg6 Rf8 30. Nh5 Bd4 31. Nf4 Bd7 32.
Nd5+ Kc5 33. Nf4 b4 34. axb4+ axb4 35. Ra1 Bxb2 36. Ra5+ Kb6 37. Rd5 Bc6 38. Rxf5 Rd8 39. Ne6 Rd6 40. Nf4 c3 41. Rf8 c2 42. Rb8+ Kc7 43.
Rxb4 d2 0-1

[Event "*** Titled Tuesday 3|2 Blitz"]
[Site "Chess.com"]
[Date "2015.05.05"]
[Round "6"]
[White "goldaxe"]
[Black "AlmirDzhumaev"]
[Result "1-0"]
[WhiteElo "2161"]
[BlackElo "2071"]
[TimeControl "180+2"]
[EndTime "12:18:14 PDT"]
[Termination "goldaxe won by checkmate"]

1. e4 e5 2. Nf3 Nc6 3. Bb5 a6 4. Ba4 Nf6 5. O-O Be7 6. Re1 b5 7. Bb3 O-O 8. h3 d6 9. c3 Nb8 10. d4 Nbd7 11. Nbd2 Bb7 12. Bc2 Re8 13. Nf1 Bf8 14.
Ng3 g6 15. Bg5 h6 16. Be3 c5 17. Qd2 h5 18. Bg5 Qb6 19. d5 Nh7 20. Bh6 Be7 21. Ng5 Ndf6 22. f4 c4+ 23. Kh2 Nxg5 24. Bxg5 Nh7 25. Bxe7 Rxe7 26. f5 Rf8 27. Qh6 Qf2 28.
Rf1 Qxc2 29. Nxh5 gxh5 30. f6 Nxf6 31. Rxf6 Rd8 32. Qg5+ Kf8 33. Rh6 Ke8 34. Qf5 Kf8 35. Rh8+ Kg7 36. Qh7+ Kf6 37. Rf1+ Kg5 38. Qg7+ Kh4 39.
Qg3# 1-0

[Event "*** Titled Tuesday 3|2 Blitz"]
[Site "Chess.com"]
[Date "2015.05.05"]
[Round "6"]
[White "Enozen"]
[Black "MinhGTrAn"]
[Result "1-0"]
[WhiteElo "2489"]
[BlackElo "2498"]
[TimeControl "180+2"]
[EndTime "12:18:22 PDT"]
[Termination "Enozen won by resignation"]

1. d4 Nf6 2. Bg5 e6 3. Nd2 Be7 4. Ngf3 O-O 5. e4 b6 6. Bd3 Bb7 7. Qe2 d5 8. e5 Nfd7 9. h4 c5 10. c3 Nc6 11. O-O h6 12. Bxe7 Qxe7 13. Rac1 Rfc8 14.
a3 Rc7 15. Bc2 Rac8 16. Nb3 Ncb8 17. Qd3 Nf8 18. Qe3 Ba6 19. Rfe1 Bb5 20. h5 Ba4 21. Nbd2 Bxc2 22. Rxc2 Nc6 23. Nb3 a5 24. a4 Nd7 25.
Rf1 cxd4 26. Nbxd4 Nxd4 27. Nxd4 Rc4 28. b3 R4c5 29.
Nb5 Qg5 30. Qxg5 hxg5 31. Re1 Kf8 32. f3 Ke7 33. Re3 f6 34. exf6+ gxf6 35. Kf2 Ne5 36. Rc1 Rxb5 37. axb5 d4 38. Rxe5 fxe5 39. c4 Kf6 40. Ke2 Kf5 41. Kd3 Rh8 42. c5 bxc5 43. Rxc5 Kf4 44.
b6 Rb8 45. Rb5 g4 46. h6 gxf3 47. gxf3 Kxf3 48. h7 e4+ 49. Kd2 Kf2 50. Rh5 e3+ 51. Kd3 e5 52. h8=Q Rxh8 53. Rxh8 e4+ 54. Kxd4 e2 55.
Rh2+ Kf3 56. Rxe2 1-0

[Event "*** Titled Tuesday 3|2 Blitz"]
[Site "Chess.com"]
[Date "2015.05.05"]
[Round "6"]
[White "salomez"]
[Black "MrHenriksson"]
[Result "1-0"]
[WhiteElo "2144"]
[BlackElo "2009"]
[TimeControl "180+2"]
[EndTime "12:18:29 PDT"]
[Termination "salomez won by resignation"]

1. e4 c6 2. d4 d5 3. e5 c5 4. Nf3 Nc6 5. Bb5 Bg4 6. dxc5 e6 7. Be3 Ne7 8. Nc3 a6 9. Ba4 Nf5 10. b4 d4 11. Ne4 dxe3 12. Nd6+ Bxd6 13. exd6 exf2+ 14.
Kxf2 Bxf3 15. Qxf3 Qh4+ 16. g3 Qd4+ 17. Kg2 O-O 18. c3 Qd2+ 19. Kh3 Ne5 20. Qxb7 Nd3 21. Rhf1 Nf2+ 22. Rxf2 Qxf2 23. d7 Ne3 24. Qe4 Qf5+ 25. Qxf5 Nxf5 26. c6 Ra7 27. Rd1 Rd8 28. c4 Ne7 29. b5 axb5 30. cxb5 Rxa4 31. c7 Raa8 32. b6 Nd5 33. cxd8=Q+ Rxd8 34. b7 Kf8 35. Rb1 Rb8 36. d8=Q+ Rxd8 37. b8=Q Rxb8 38. Rxb8+ Ke7 39. a4 e5 40. a5 e4 41. a6 e3 42. Kg2 Kd6 43.
a7 Nc7 44. a8=Q Nxa8 45. Rxa8 1-0